cohdb
Replays
Latest Replays
All Replays
Popular Replays
Top Player Replays
Match Explorer
How It Works
Community
CoH3 Stats
Reddit
Sign in to upload your games and track your stats! →
Sign in with Steam
Match 28442124
Unlisted
Match 28442124
Overview
Messages
Build Orders
End
Kradschützen Motorcycle Team
Selects Italian Combined Arms Battlegroup
Selects Bersaglieri Squad
Bersaglieri Squad
Bersaglieri Squad
Construct Light Support Kompanie
Selects Bersaglieri Bolster
Fire Support Elements
Bersaglieri Squad
Selects Breda Model 30 Light Machine Guns
Panzerjäger Mechanized Group
Flakvierling Half-track
Selects Semovente da 75/18 Assault Gun
Semovente da 75/18 Assault Gun
Vehicle Survival Package
Selects Strafing Run
le.IG 18 Mechanized Group
Tungsten Core Ammunition
Construct Panzerarmee Kommand
Selects Artillery Cover
Artillery Cover
Panzer III L Medium Tank
^3
Airandfelt
0
0
Comments
sign in to comment!
No comments posted yet!